 Dungeon Crawl Stone Soup version 0.30-a0-989-g0d87f670db (webtiles) character file.

Game seed: 4287911078407041722

1796 Jeffwins the Firebug (level 9, -3/59 HPs)
             Began as a Human Wanderer on Apr 3, 2023.
             Was an Initiate of Vehumet.
             Slain by an iguana (8 damage)
             ... on level 6 of the Dungeon.
             The game lasted 00:07:48 (6057 turns).

Jeffwins the Firebug (Human Wanderer)               Turns: 6057, Time: 00:07:48

Health: -3/59      AC:  4    Str: 13    XL:     9   Next: 30%
Magic:  15/16      EV: 10    Int: 17    God:    Vehumet [......]
Gold:   365        SH:  0    Dex: 12    Spells: 6/18 levels left

rFire   . . .      SeeInvis .    r - +2 dagger (drain)
rCold   . . .      Faith    .    (no shield)
rNeg    . . .      Spirit   .    f - +0 leather armour
rPois   .          Reflect  .    (no helmet)
rElec   .          Rampage  .    c - +0 cloak
rCorr   .                        (no gloves)
Will    .....                    (no boots)
Stlth   +                        (no amulet)
HPRegen 0.29/turn                (no ring)
MPRegen 0.15/turn                (no ring)

@: confused, mighty, ambrosia-drunk, studying Fire Magic
A: no striking features
a: Renounce Religion


You were on level 6 of the Dungeon.
You worshipped Vehumet.
Vehumet was noncommittal.
You visited 2 branches of the dungeon, and saw 7 of its levels.

You collected 365 gold pieces.


   Skills:
 - Level 1.0 Fighting
 * Level 2.0 Short Blades
 + Level 4.0 Stealth
 * Level 5.0 Spellcasting
 * Level 4.9 Conjurations
 - Level 6.0 Fire Magic
 * Level 1.3 Ice Magic
 * Level 1.6 Air Magic
 * Level 6.0 Earth Magic
 + Level 1.4 Poison Magic
 + Level 1.8 Evocations


You had 6 spell levels left.
You knew the following spells:

 Your Spells              Type           Power      Damage    Failure   Level
f - Freezing Cloud        Conj/Ice/Air   6%         6-21      86%         5
m - Mephitic Cloud        Conj/Pois/Air  13%        N/A       19%         3
x - Stone Arrow           Conj/Erth      44%        3d9       5%          3
z - Foxfire               Conj/Fire      88%        2x1d5     1%          1

Your spell library contained the following spells:

 Spells                   Type           Power      Damage    Failure   Level
 Sandblast                Erth           48%        2d12      1%          1
 Magic Dart               Conj           84%        1d7       2%          1
 Inner Flame              Hex/Fire       14%        N/A       16%         3
 Kindle Blastsparks       Fire/Tloc/Air  24%        2d12      19%         3
 Flame Wave               Conj/Fire      22%        2d8       19%         4
 Ignite Poison            Fire/Tmut/Pois 12%        N/A       21%         3
 Call Imp                 Summ           4%         N/A       26%         2
 Sublimation of Blood     Necr           4%         N/A       26%         2
 Petrify                  Tmut/Erth      14%        N/A       45%         4
 Irradiate                Conj/Tmut      6%         3d13      88%         5

Inventory:

Hand Weapons
 a - a +0 rapier
 r - a +2 dagger of draining (weapon)
 v - the +3 hand axe of Sequestration {flame, Will+}
   (You found it on level 5 of the Dungeon)

   Will:      It increases your willpower.
Armour
 c - a +0 cloak (worn)
 f - a +0 leather armour (worn)
Jewellery
 g - an amulet of regeneration
Wands
 i - a wand of roots (12)
Scrolls
 b - 2 scrolls of fear
 e - a scroll of torment {unknown}
 l - a scroll of teleportation {@r4}
 o - 2 scrolls of fog {unknown}
 s - a scroll of amnesia
 x - a scroll of enchant weapon {unknown}
 y - a scroll of blinking {unknown}
 A - a scroll of immolation {unknown}
Potions
 d - 2 potions of attraction {!q}
 h - 2 potions of ambrosia
 j - 3 potions of might
 k - a potion of haste {unknown}
 m - 2 potions of flight {unknown}
 n - a potion of heal wounds {unknown}
 p - a potion of invisibility {unknown}
 q - 3 potions of curing {unknown}
 t - a potion of cancellation {unknown}
 u - 2 potions of brilliance {unknown}
 w - a potion of magic
 z - a potion of lignification {unknown}

Dungeon Overview and Level Annotations

Branches:
Dungeon (6/15)             Temple (1/1) D:6

Altars:
Ashenzari
Dithmenos
Fedhas
Kikubaaqudgha
Makhleb
Nemelex Xobeh
Okawaru
Qazlal
Ru
Sif Muna
Uskayaw
Vehumet
Wu Jian
Xom
Yredelemnul
The Shining One

Annotations:
D:3 2 transporters, Figgler's ghost, amateur HuMo

###.###
#...........#####.#.. #.#
#.####.###..# ##.#. #†#
#.# #....#.# #### #.# #.#
#..##<.# # #.#
#.#####.###### # ####.#
#.....▒+▒....# # .....#
##....#⚑#....# #
.#.######## #....###....#
#
.#.##.........#.@l....$.#
# .......#
####.#.........# #
.#.###.#### #.###......##
# ...# #....# #.#
###....# # .#.###.##.#
#.# ......# # .......##.#
#.# §.....# ##
.#.######.# #.# D......#
##. ...# #.# #.#
......>#######.. .#.# #.#
#.# .................


You could see an iguana.


Message History

Press: ? - help, Shift-Dir - straight line, f/p - iguana
Aim: an iguana (heavily wounded, 75% to hit)
The stone arrow misses the iguana.
The iguana bites you!
* * * LOW HITPOINT WARNING * * *
Unknown command.
Casting: Stone Arrow (dangerous; 5% risk of failure)
Confirm with . or Enter, or press ? or * to list all spells.
You don't have enough magic to cast this spell.
Unknown command.
You hit the iguana.
The iguana is severely wounded.
The iguana bites you!
* * * LOW HITPOINT WARNING * * *
Unknown command.
It was a potion of ambrosia.
You are confused.
You feel invigorated. The iguana bites you.
* * * LOW HITPOINT WARNING * * *
It was a potion of might.
You feel very mighty all of a sudden.
The iguana bites you but does no damage.
Unknown command.
You closely miss the iguana.
The iguana is severely wounded.
The iguana bites you!
* * * LOW HITPOINT WARNING * * *
Unknown command.
Unknown command.
The iguana bites you!
You die...

Skill      XL: |  1  2  3  4  5  6  7  8  9 |
---------------+----------------------------+-----
Conjurations   | 1 2 3 4 |  4.9
Fire Magic     | 4 6 |  6.0
Stealth        | 2 3 4 |  4.0
Spellcasting   | 3 4 5 |  5.0
Earth Magic    | 4 5 6 |  6.0
Evocations     | 1 |  1.8
Short Blades   | 1 2 |  2.0
Air Magic      | 1 |  1.6
Poison Magic   | 1 |  1.4
Ice Magic      | 1 |  1.3
Fighting       | |  1.0

Action                     |  1- 3 |  4- 6 |  7- 9 || total
---------------------------+-------+-------+-------++-------
  Melee: Dagger            |    26 |     3 |     5 ||    34
         Punch             |     1 |     2 |       ||     3
         Quarterstaff      |    46 |     1 |       ||    47
         Rapier            |       |    33 |       ||    33
   Cast: Foxfire           |    32 |   118 |    94 ||   244
         Stone Arrow       |       |     3 |    18 ||    21
    Use: Scroll            |       |     2 |     1 ||     3
         Potion            |       |     1 |     2 ||     3
   Stab: Sleeping          |       |     1 |     1 ||     2
 Armour: Leather armour    |    44 |    29 |     5 ||    78
         Robe              |     2 |       |       ||     2
  Dodge: Dodged            |    58 |    43 |     7 ||   108

Levels and vault maps discovered:
D:1:      lightli_arrival_farm, layout_rooms, minmay_pentomino_p2
D:2:      layout_rooms, serial_glass, glass_columns_c, glass_columns_c,
          basic_altar, dk_noncrumbling_2, grunt_ministairs_11
D:3:      layout_loops_ring, amcnicky_altar_gilded, gammafunk_ghost_smash,
          minivault_26, chequers_jeans, uniq_jessica
D:4:      layout_cave_pods, grunt_qazlal_clouds, corexii_corridor_pit,
          uniq_pikel, uniq_menkaure
D:5:      layout_loops_ring, uniq_blork_the_orc
D:6:      layout_loops_ring, ashenzari_conservatory_becter,
          minmay_temple_entry_glassed_door
Temple:   cyrus_circular_temple

Notes
Turn   | Place    | Note
-------+----------+-------------------------------------------
     0 | D:1      | Jeffwins the Human Wanderer began the quest for the Orb.
     0 | D:1      | Jeffwins set off with the following items: a +0 dagger, a
                  | scroll of fear, a +0 robe, a potion of attraction {!q}; and
                  | the following spells available to memorise: Sandblast,
                  | Foxfire, Inner Flame, Stone Arrow, Flame Wave.
     0 | D:1      | Reached XP level 1. HP: 15/15 MP: 3/3
     2 | D:1      | Learned a level 1 spell: Foxfire
   126 | D:1      | Reached XP level 2. HP: 12/21 MP: 0/5
   355 | D:1      | Reached XP level 3. HP: 21/26 MP: 1/6
   431 | D:1      | Reached skill level 1 in Conjurations
   713 | D:1      | You fall into a shaft and drop 1 floor!
   722 | D:2      | Reached XP level 4. HP: 32/32 MP: 2/7
   923 | D:2      | Found a glowing golden altar of the Shining One.
   963 | D:2      | Learned a level 3 spell: Stone Arrow
  2013 | D:3      | Found a transporter.
  2017 | D:3      | Noticed Figgler's ghost (amateur HuMo)
  2020 | D:3      | Noticed an ogre
  2023 | D:3      | Identified the +5 dire flail "Wewor" {flame, Fly rPois}
  2023 | D:3      | Noticed an ogre
  2140 | D:3      | Reached XP level 5. HP: 33/37 MP: 3/8
  2228 | D:3      | Noticed Jessica
  2232 | D:3      | Killed Jessica
  2233 | D:3      | Reached skill level 4 in Fire Magic
  2304 | D:3      | Reached skill level 2 in Stealth
  2355 | D:3      | Found a shimmering altar of Xom.
  2719 | D:3      | Found a transporter.
  2749 | D:4      | Reached skill level 2 in Conjurations
  2852 | D:4      | Noticed an ogre
  2859 | D:4      | Reached skill level 3 in Spellcasting
  2859 | D:4      | Reached skill level 4 in Earth Magic
  2859 | D:4      | Reached XP level 6. HP: 40/42 MP: 5/10
  2865 | D:4      | Killed an ogre
  3200 | D:4      | Found a stormy altar of Qazlal.
  3426 | D:4      | Noticed Pikel
  3471 | D:4      | Killed Pikel
  3472 | D:4      | Reached skill level 3 in Stealth
  3472 | D:4      | Reached skill level 4 in Spellcasting
  3472 | D:4      | Reached skill level 3 in Conjurations
  3472 | D:4      | Reached skill level 6 in Fire Magic
  3472 | D:4      | Reached skill level 5 in Earth Magic
  3472 | D:4      | Reached XP level 7. HP: 9/48 MP: 0/13
  3472 | D:4      | Reached XP level 8. HP: 10/54 MP: 0/14
  3731 | D:4      | Noticed Menkaure
  3739 | D:4      | Killed Menkaure
  3742 | D:4      | Reached skill level 4 in Conjurations
  4384 | D:5      | Entered Level 5 of the Dungeon
  4410 | D:5      | Reached skill level 1 in Evocations
  4659 | D:5      | Learned a level 3 spell: Mephitic Cloud
  4683 | D:5      | Identified the +3 hand axe of Sequestration {flame, Will+}
  4791 | D:5      | Noticed Blork the orc
  4798 | D:5      | Killed Blork the orc
  4895 | D:5      | Reached skill level 1 in Short Blades
  5090 | D:5      | Learned a level 5 spell: Freezing Cloud
  5124 | D:5      | Reached XP level 9. HP: 59/59 MP: 10/16
  5181 | D:5      | Reached skill level 1 in Air Magic
  5181 | D:5      | Reached skill level 1 in Poison Magic
  5803 | D:6      | Reached skill level 1 in Ice Magic
  5854 | D:6      | Found a staircase to the Ecumenical Temple.
  5900 | Temple   | Entered the Ecumenical Temple
  5962 | Temple   | Became a worshipper of Vehumet
  6033 | D:6      | Found a broken altar of Ashenzari.
  6051 | D:6      | Reached skill level 2 in Short Blades
  6051 | D:6      | Reached skill level 4 in Stealth
  6051 | D:6      | Reached skill level 5 in Spellcasting
  6051 | D:6      | Reached skill level 6 in Earth Magic
  6053 | D:6      | HP: 3/59 [iguana (13)]
  6056 | D:6      | HP: 1/59 [iguana (13)]
  6057 | D:6      | Slain by an iguana

Vanquished Creatures
  Pikel (D:4)
  A steam dragon (D:6)
  Menkaure (D:4)
  2 black bears (D:5)
  2 ogres (D:4)
  Blork the orc (D:5)
  A bullfrog (D:6)
  2 scorpions
  7 hounds
  A jelly (D:6)
  Jessica (D:3)
  5 iguanas
  An orc wizard (D:3)
  5 adders
  2 ufetubi
  A worm (D:4)
  2 dart slugs
  7 orcs
  8 bats
  4 endoplasms (D:2)
  7 giant cockroaches
  7 goblins
  5 hobgoblins
  15 jackals
  3 quokkas
  5 ball pythons
  3 frilled lizards
  4 kobolds
  6 rats
110 creatures vanquished.

Vanquished Creatures (others)
  416 foxfires
416 creatures vanquished.

Grand Total: 526 creatures vanquished

Table legend: (Time is in decaauts)
 A = Elapsed time spent in this place.
 B = Non-inter-level travel time spent in this place.
 C = Inter-level travel time spent in this place.
 D = Time resting spent in this place.
 E = Time spent auto-exploring this place.
 F = Levels seen in this place.
 G = Mean time per level.
                   A        B        C        D        E       F      G
               +--------+--------+--------+--------+--------+-----+--------+
         Total |   6075 |   5765 |    310 |    116 |   4794 |   7 |  867.9 |
       Dungeon |   5997 |   5712 |    285 |    116 |   4752 |   6 |  999.5 |
        Temple |     77 |     52 |     25 |      0 |     42 |   1 |   77.0 |
               +--------+--------+--------+--------+--------+-----+--------+

Top non-repeatable levels by time:
     D:4: 1639 daAuts
     D:2: 1183 daAuts
     D:5: 1114 daAuts
     D:3: 853 daAuts
     D:1: 726 daAuts
     D:6: 480 daAuts
  Temple: 77 daAuts

Table legend:
 A = Non-vault XP
 B = Vault XP
 C = Vault XP percentage of total XP
 D = Non-vault monster count
 E = Vault monster count
 F = Vault count percentage of total count
                 A         B        C        D         E       F
            +---------+---------+-------+---------+---------+-------
      Total |    1639 |     928 |  36.2 |     102 |       8 |   7.3
            +---------+---------+-------+---------+---------+-------
        D:1 |      60 |       2 |   3.2 |      34 |       2 |   5.6
        D:2 |      60 |       4 |   6.2 |      20 |       2 |   9.1
        D:3 |      73 |      37 |  33.6 |      13 |       1 |   7.1
        D:4 |     399 |     794 |  66.6 |      16 |       2 |  11.1
        D:5 |     598 |      91 |  13.2 |      13 |       1 |   7.1
        D:6 |     449 |       0 |   0.0 |       6 |       0 |   0.0
            +---------+---------+-------+---------+---------+-------
